 Dungeon Crawl Stone Soup version 0.31-a0-1300-gb6740aa4e6 (webtiles) character file.

Game seed: 5456995847120047618

2008 avis the Nimble (level 9, 45/45 HPs)
             Began as a Felid Shapeshifter on Dec 18, 2023.
             Got out of the dungeon alive.
             The game lasted 00:31:10 (6770 turns).

avis the Nimble (Felid Shapeshifter)                Turns: 6770, Time: 00:31:11

Health: 45/45      AC:  2    Str: 16    XL:     9   Next: 2%
Magic:  10/10      EV: 27    Int: 16    God:
Gold:   314        SH:  0    Dex: 18    Spells: 8/8 levels left
                                        Lives:  0   Deaths: 3

rFire   x .          .
                       - Unarmed
rCold   + . .        (shield unavailable)
rNeg    . . .        (body armour unavailable)
rPois   .            (helmet unavailable)
rElec   .            (cloak unavailable)
rCorr   .            (gloves unavailable)
SInv    +            (boots unavailable)
Will    +....        (no amulet)
Stlth   +            n - +6 ring of strength
HPRegen 0.27/turn    o - ring of ice
MPRegen 0.12/turn

%: no passive effects
@: flux-form, glowing
A: glow, contaminating, very small, claws 1, fangs 3, see invisible, shaggy fur
2, stealthy paws, no weapons or thrown items, no armour, multi-lived
a: Begin Untransformation


You escaped.
You were something dangerously unstable.
You visited 2 branches of the dungeon, and saw 7 of its levels.

You collected 314 gold pieces.

Inventory:

Jewellery
 n - a +6 ring of strength (left paw)
 o - a ring of ice (right paw)
Talismans
 b - a beast talisman
 f - a flux talisman (active)
 l - a flux talisman (active)
Wands
 g - a wand of paralysis (8)
 s - a wand of light (10)
Scrolls
 a - 2 scrolls of brand weapon {unknown}
 d - a scroll of vulnerability
 i - a scroll of torment
 j - 2 scrolls of enchant armour
 k - 2 scrolls of fear {unknown}
 m - 4 scrolls of teleportation {unknown}
 p - a scroll of blinking {unknown}
 r - a scroll of poison {unknown}
Potions
 c - 3 potions of mutation
 e - 2 potions of ambrosia
 h - 2 potions of attraction
 q - a potion of magic {unknown}


   Skills:
 * Level 4.2 Fighting
 - Level 9.0 Dodging
 - Level 3.0 Unarmed Combat
 - Level 8.0 Shapeshifting


You had 8 spell levels left.
You didn't know any spells.
Your spell library contained the following spells:

 Spells                   Type           Power      Damage    Failure   Level
 Summon Small Mammal      Summ           0%         N/A       26%         1
 Call Canine Familiar     Summ           0%         N/A       58%         3
 Summon Guardian Golem    Hex/Summ       0%         N/A       58%         3
 Tukima's Dance           Hex            0%         N/A       58%         3
 Iskenderun's Mystic Bla  Conj/Tloc      0%         2d3       94%         4
 Passage of Golubria      Tloc           0%         N/A       94%         4
 Yara's Violent Unravell  Hex/Tmut       0%         3d3       100%        5
 Dimensional Bullseye     Hex/Tloc       Unusable   N/A       N/A         4

Dungeon Overview and Level Annotations

Branches:
Dungeon (6/15)             Temple (1/1) D:4

Altars:
Ashenzari
Elyvilon
Hepliaklqana
Makhleb
Okawaru
Qazlal
Ru
Sif Muna
Trog
Uskayaw
Vehumet
Wu Jian
Yredelemnul
Zin
The Shining One

Shops:
D:1 !


Innate Abilities, Weirdness & Mutations

You are something dangerously unstable.
You glow with magical radiation, making you easy to see and hit.
Foes you strike become dangerously contaminated with magical radiation.
You have sharp claws.
You have razor-sharp teeth.
You have supernaturally acute eyesight. (SInv)
You are covered in thick fur. (AC +2)
Your paws help you pounce on unaware monsters.
You are incapable of wielding weapons or throwing items.
You cannot wear armour.
You gain extra lives every three experience levels.


Message History

The white imp gestures at you. The puff of frost hits you. You resist.
* * * LOW HITPOINT WARNING * * *
You scratch the white imp but do no damage.
The white imp glows dangerously bright.
The white imp is almost dead.
The white imp gestures at you. The puff of frost hits you. You resist.
You die...
Your shape twists and changes as you die.
You rejoin the land of the living...
There is a stone staircase leading down here.
There is a stone staircase leading up here.
You climb upwards.
There is a stone staircase leading down here.
There is a stone staircase leading up here.
You climb upwards.
There is a stone staircase leading down here.
There is a staircase to the Ecumenical Temple here.
You climb downwards.
Welcome back to the Ecumenical Temple!
There is a staircase back to the Dungeon here.
You can't go down here!
You climb upwards.
Welcome back to the Dungeon!
There is a staircase to the Ecumenical Temple here.
What level of the Dungeon? (default 1, ? - help)
There is a fountain of clear blue water here.
There is a stone staircase leading up here.
You climb upwards.
There is a stone staircase leading down here.
There is an open door here.
There is a stone staircase leading up here.
You climb upwards.
There is a stone staircase leading down here.
There is an open door here.
There is an open door here.
There is a stone staircase leading up here.
You climb upwards.
There is a stone staircase leading down here.
There is a staircase leading out of the dungeon here.
You have escaped!

.###.##.#####.######.# #.# ###.
.# #.#.).............#####.# #...
.# #.#..................##.###.#.
####.........................#.#.
.....P~~~~≈~~~P...P~~~~≈~~~P.#.#.
####.≈≈≈~~~~~≈~...≈~≈~~~~~~~.#.#.
.....~≈≈~~~~≈≈~...~~≈~~~~≈~~.#.##
...>.P~~~~~~≈~.....~≈~~~~~~P.#.#
####............p..............#
# #.P~~~~~~~~.....~~~~~~~~P.#.#
####.~~≈~~~~~~~...~~≈~~~~≈~≈...#
..##.~≈≈~~~~≈≈~...~≈≈~~~~≈~~.#.#
#.##.P≈~~≈≈≈~~P...P~~~~~~~~P...#
#.##.........................###
#.###.##..#.................#####
..†....#.##.##..............#....
#.###...∩...##...................


There were no monsters in sight!

Vanquished Creatures
  A steam dragon (D:6)
  Edmund (D:5)
  A water moccasin (D:5)
  A sky beast (D:5)
  3 ice beasts
  2 black bears
  An ogre (D:5)
  4 scorpions
  5 wights (D:5)
  2 howler monkeys
  A jelly (D:6)
  An orc priest (D:4)
  A hound (D:6)
  2 sleepcaps
  Ijyb (D:5)
  2 iguanas (D:6)
  An orc wizard (D:5)
  5 adders
  4 white imps
  5 ufetubi
  A worm (D:3)
  3 dart slugs
  7 orcs
  7 endoplasms
  5 giant cockroaches
  6 goblins
  8 hobgoblins
  2 jackals (D:1)
  7 kobolds
  A quokka (D:3)
  6 ball pythons
  10 bats
  3 frilled lizards
  9 rats
  A rat zombie (D:6)
120 creatures vanquished.

Notes
Turn   | Place    | Note
-------+----------+-------------------------------------------
     0 | D:1      | avis the Felid Shapeshifter began the quest for the Orb.
     0 | D:1      | Reached XP level 1. HP: 10/10 MP: 2/2
    62 | D:1      | Reached skill level 3 in Dodging
   342 | D:1      | Found a faded altar of an unknown god.
   379 | D:1      | Reached XP level 2. HP: 11/14 MP: 3/3
   426 | D:1      | Reached skill level 4 in Dodging
   591 | D:1      | Found Wyergh's Distillery.
  1067 | D:2      | Reached XP level 3. HP: 18/18 MP: 4/4
  1346 | D:2      | Reached skill level 5 in Dodging
  1640 | D:2      | You fall into a shaft and drop 2 floors!
  1640 | D:4      | Found a staircase to the Ecumenical Temple.
  1644 | D:4      | Noticed a scorpion
  1648 | Temple   | Entered the Ecumenical Temple
  1670 | D:4      | Killed a scorpion
  1671 | D:4      | Reached skill level 6 in Dodging
  1671 | D:4      | Reached XP level 4. HP: 10/23 MP: 5/5
  1757 | D:4      | Killed from afar by an orc priest
  1902 | D:3      | Identified the +1 rapier of Icseory {heavy, Str+3}
  1954 | D:3      | Found a radiant altar of Vehumet.
  2967 | D:3      | Reached XP level 5. HP: 18/26 MP: 6/6
  3013 | D:3      | Found a burning altar of Makhleb.
  3761 | D:4      | Noticed a black bear
  3777 | D:4      | Killed a black bear
  3778 | D:4      | Gained mutation: You are covered in thick fur. (AC +2)
                  | [Felid growth]
  3778 | D:4      | Reached XP level 6. HP: 31/32 MP: 7/7
  4044 | D:5      | Entered Level 5 of the Dungeon
  4078 | D:5      | Noticed an ice beast
  4085 | D:5      | Killed an ice beast
  4356 | D:5      | Reached skill level 5 in Shapeshifting
  4709 | D:5      | Reached XP level 7. HP: 7/36 MP: 8/8
  4869 | D:5      | Noticed Ijyb
  4871 | D:5      | Paralysed by Ijyb for 2 turns
  4879 | D:5      | Killed Ijyb
  5475 | D:6      | Noticed Edmund
  5573 | D:6      | Found a basalt altar of Yredelemnul.
  5573 | D:6      | Found an iron altar of Okawaru.
  5708 | D:6      | Reached XP level 8. HP: 40/40 MP: 9/9
  5727 | D:5      | Killed Edmund
  5943 | D:6      | Found a white marble altar of Elyvilon.
  5993 | D:5      | Reached skill level 7 in Dodging
  6053 | D:6      | Reached skill level 8 in Dodging
  6215 | D:5      | Reached skill level 9 in Dodging
  6593 | D:6      | Killed from afar by a white imp
  6628 | D:6      | Reached XP level 9. HP: 21/45 MP: 10/10
  6644 | D:6      | Killed from afar by a white imp
  6770 | D:$      | Got out of the dungeon alive.

Illustrated notes

Levels and vault maps discovered:
D:1:      giann_bridges, layout_loops_ring, nicolae_ecumenical_lake_church,
          serial_shops, nicolae_shop_crystal, minivault_5
D:2:      layout_loops_corners
D:3:      layout_loops_corners, lemuel_tele_altar, bloody_makhleb,
          roderic_batcave
D:4:      layout_cave_pools, minmay_temple_entry_large_hall
D:5:      layout_basic, minmay_misc_feat_iff, uniq_ijyb
D:6:      minmay_thinvault, layout_rooms,
          mainiacjoe_overflow_concentric_impassable,
          lemuel_zombie_altar_kikubaaqudgha, okawaru_metal_pillars_1_2,
          mainiacjoe_overflow_tiny_flanked, uniq_edmund
Temple:   hellmonk_temple_flake

Skill      XL: |  1  2  3  4  5  6  7  8  9 |
---------------+----------------------------+-----
Dodging        | 3 4 6 9 |  9.0
Fighting       | 2 3 4 |  4.2
Shapeshifting  | 3 4 5 7 8 |  8.0
Unarmed Combat | |  3.0

Action                     |  1- 3 |  4- 6 |  7- 9 || total
---------------------------+-------+-------+-------++-------
  Melee: Unarmed           |    92 |   133 |   181 ||   406
         Punch             |     3 |     3 |       ||     6
         Bite              |     6 |    17 |    27 ||    50
  Evoke: Wand              |       |       |     2 ||     2
    Use: Potion            |     2 |     2 |     1 ||     5
         Scroll            |       |     7 |       ||     7
   Stab: Sleeping          |       |     3 |       ||     3
         Paralysed         |       |       |     2 ||     2
 Armour: Skin              |    37 |    37 |    54 ||   128
  Dodge: Dodged            |    64 |   117 |   246 ||   427
   Form: Flux              |       |       |     1 ||     1

Table legend: (Time is in decaauts)
 A = Elapsed time spent in this place.
 B = Non-inter-level travel time spent in this place.
 C = Inter-level travel time spent in this place.
 D = Time resting spent in this place.
 E = Time spent auto-exploring this place.
 F = Levels seen in this place.
 G = Mean time per level.
                   A        B        C        D        E       F      G
               +--------+--------+--------+--------+--------+-----+--------+
         Total |   6759 |   5912 |    847 |   1054 |   3212 |   7 |  965.6 |
       Dungeon |   6755 |   5909 |    846 |   1054 |   3212 |   6 | 1125.8 |
        Temple |      4 |      3 |      1 |      0 |      0 |   1 |    4.0 |
               +--------+--------+--------+--------+--------+-----+--------+

Top non-repeatable levels by time:
     D:5: 1797 daAuts
     D:2: 1259 daAuts
     D:3: 1166 daAuts
     D:1: 1025 daAuts
     D:6: 766 daAuts
     D:4: 740 daAuts
  Temple: 4 daAuts
